 Dungeon Crawl Stone Soup version 0.31-a0-210-gccc998df9b (webtiles) character file.

Game seed: 4331753565405678688

71 ytrimaz the Grave Robber (level 4, -16/30 HPs)
             Began as a Mummy Necromancer on June 30, 2023.
             Demolished by a gnoll
             ... wielding a +2 whip of electrocution
              (17 damage)
             ... on level 2 of the Dungeon.
             The game lasted 00:05:03 (1606 turns).

ytrimaz the Grave Robber (Mummy Necromancer)        Turns: 1606, Time: 00:05:04

Health: -16/30     AC:  3    Str: 11    XL:     4   Next: 5%
Magic:  2/9        EV: 12    Int: 16    God:
Gold:   141        SH:  0    Dex: 12    Spells: 6/10 levels left

rFire   x . .        (no weapon)
rCold   + . .        (no shield)
rNeg    + + +        a - +1 robe
rPois   ∞            (no helmet)
rElec   .            (no cloak)
rCorr   .            (no gloves)
SInv    .            (no boots)
Will    .....        (no amulet)
Stlth   ++           (no ring)
HPRegen 0.25/turn    (no ring)
MPRegen 0.11/turn

%: faith
@: no status effects
A: cold resistance 1, negative energy resistance 3, torment resistance 2, heat
vulnerability 1, in touch with death 1, no potions, faith
a: no special abilities


You were on level 2 of the Dungeon.
You visited 1 branch of the dungeon, and saw 2 of its levels.

You collected 141 gold pieces.


Innate Abilities, Weirdness & Mutations

You are immune to poison.
Your flesh is cold resistant. (rC+)
You are immune to negative energy. (rN+++)
You are immune to unholy pain and torment.
You are vulnerable to heat. (rF-)
You are in touch with the powers of death.
You do not drink.
You have a special connection with the divine. (Faith)


   Skills:
 * Level 2.7 Dodging
 - Level 1.5 Stealth
 + Level 3.5 Spellcasting
 + Level 4.4 Necromancy


You had 6 spell levels left.
You knew the following spells:

 Your Spells              Type           Power      Damage    Failure   Level
a - Necrotise             Necr           100%       1d9       2%          1
b - Vampiric Draining     Necr           25%        2d7       9%          3

Your spell library contained the following spells:

 Spells                   Type           Power      Damage    Failure   Level
 Animate Dead             Necr           25%        N/A       28%         4
 Agony                    Necr           25%        N/A       61%         5

Inventory:

Armour
 a - a +1 robe (worn)

Dungeon Overview and Level Annotations

Branches:
Dungeon (2/15) Zot: 10392

Altars:

Shops:
D:1

= # #..## ♣.♣ . # ##..#
♣.♣ ♣♣. # ##.### ♣.♣ ♣♣.♣
#...# ♣.♣ ♣..♣ ###.## ♣.♣♣
♣..♣ #..#### ♣♣.♣♣ ♣..♣
##....#### ♣♣.♣ ♣..♣
####.g..#####.########..##
####gg@................
####################


You could see 3 gnolls.


Message History

😎 MP[-1]
You lost 1 mp, and now have 5/7 mp.
You can't see any susceptible monsters within range! (Use Z to cast anyway.)
An endoplasm comes into view. 😎 MP[+2]
Your mp is fully restored (7).
An endoplasm is nearby!
An endoplasm is nearby!
A rat and a gnoll come into view.
The gnoll shouts!
You hear a shout! x2
A gnoll comes into view.
It is wielding a +2 whip of electrocution.
A gnoll comes into view. It is wielding a +0 spear.
The gnoll shouts!
You feel a surge of power!
The endoplasm writhes in agony.
The gnoll shouts!
A gnoll comes into view. It is wielding a +0 flail. 😎 MP[-1]
You lost 1 mp, and now have 6/7 mp.
You feel a surge of power!
The endoplasm writhes in agony.
The endoplasm freezes you.
You are frozen.
You resist. 😎 MP[-1]
You lost 1 mp, and now have 5/7 mp.
You feel a surge of power!
The endoplasm writhes in agony!
You kill the endoplasm! 😎 MP[-1]
You lost 1 mp, and now have 4/7 mp.
You can't see any susceptible monsters within range! (Use Z to cast anyway.)
Your rat skeleton bites the rat.
The rat bites your rat skeleton.
Your rat skeleton misses the rat.
The rat bites your rat skeleton.
Your rat skeleton bites the rat.
The rat dies!
The gnoll hits your rat skeleton with a +0 flail!
Your rat skeleton is destroyed! 😎 MP[+1]
You feel a surge of power!
The gnoll writhes in agony! 😎 MP[-1]
You lost 1 mp, and now have 4/7 mp. 😎 MP[+1]
You feel a surge of power!
The gnoll writhes in agony! 😎 MP[-1]
You lost 1 mp, and now have 4/7 mp.
You feel a surge of power!
The gnoll writhes in agony!
You kill the gnoll!
The dead are walking!
The gnoll hits your gnoll skeleton with a +2 whip of electrocution!
Lightning courses through your gnoll skeleton!
Your gnoll skeleton is destroyed!
You have reached level 4! 😎 HP[+6] MP[-1]
You now have 30 max hp (+6).
Your hp is fully restored (30).
You feel a surge of power!
The gnoll writhes in agony. 😎 MP[-1]
You lost 1 mp, and now have 2/9 mp. 😎 MP[+1]
You feel a surge of power!
You miscast Necrotise.
You are very lightly contaminated with residual magic.
Nothing appears to happen. 😎 MP[-1]
You lost 1 mp, and now have 2/9 mp.
You feel a surge of power!
The gnoll writhes in agony. 😎 MP[-1]
You lost 1 mp, and now have 1/9 mp.
The gnoll attacks as you move away!
The gnoll hits you with a +0 flail. 😕 HP[-6]
You take 6 damage, and now have 24/30 hp.
The gnoll hits you with a +2 whip of electrocution. 😮 HP[-6]
You take 6 damage, and now have 18/30 hp. 😮 HP[+1]
The gnoll attacks as you move away! The gnoll barely misses you.
Your magical contamination has completely faded away.
The gnoll attacks as you move away!
The gnoll hits you with a +2 whip of electrocution.
* * * LOW HITPOINT WARNING * * *
😨 HP[-6] MP[+1]
You take 6 damage, and now have 13/30 hp.
You are too injured to fight recklessly!
As you read the scroll labelled JIOCWEKHEILU, it crumbles to dust.
It is a scroll of identify.
You don't currently have any unidentified items. 😨 HP[+1]
The gnoll attacks as you move away! The gnoll misses you.
The gnoll attacks as you move away! The gnoll closely misses you.
The gnoll attacks as you move away! The gnoll completely misses you.
You see here a +0 ring mail.
The gnoll attacks as you move away!
The gnoll hits you with a +2 whip of electrocution!
* * * LOW HITPOINT WARNING * * *
😨 HP[-6]
You take 6 damage, and now have 8/30 hp.
The gnoll attacks as you move away! The gnoll misses you.
The gnoll attacks as you move away!
The gnoll hits you with a +2 whip of electrocution!
* * * LOW HITPOINT WARNING * * *
You are electrocuted!
Ouch! That really hurt!
You die...

Skill      XL: |  1  2 |
---------------+-------+-----
Dodging        | 2 |  2.7
Spellcasting   | 3 |  3.5
Stealth        | |  1.5
Necromancy     | |  4.4

Action                     |  1- 3 |  4- 6 || total
---------------------------+-------+-------++-------
  Melee: Unarmed           |    51 |       ||    51
   Cast: Necrotise         |    80 |     2 ||    82
    Use: Scroll            |     3 |     1 ||     4
 Armour: Robe              |    23 |       ||    23
  Dodge: Dodged            |   105 |     5 ||   110

Levels and vault maps discovered:
D:1:      tarquinn_simple_flora_water_c, layout_rooms, serial_shops, shop,
          minmay_pentomino_s4
D:2:      kb_forest_paths, layout_basic, nrook_loot_triangle,
          hangedman_decor_points

Notes
Turn   | Place    | Note
-------+----------+-------------------------------------------
     0 | D:1      | ytrimaz the Mummy Necromancer began the quest for the Orb.
     0 | D:1      | Reached XP level 1. HP: 13/13 MP: 4/4
     0 | D:1      | magus.rc [v1.9.6]
    42 | D:1      | Found Ymny's Jewellery Emporium.
   117 | D:1      | Reached skill level 2 in Dodging
   117 | D:1      | Reached XP level 2. HP: 19/19 MP: 2/5
   201 | D:1      | Reached skill level 3 in Spellcasting
   214 | D:1      | HP: 3/19 [jackal (3)]
   460 | D:1      | Gained mutation: You are in touch with the powers of death.
                  | [Mummy growth]
   460 | D:1      | Reached XP level 3. HP: 24/24 MP: 2/7
   464 | D:1      | Learned a level 3 spell: Vampiric Draining
  1587 | D:2      | Reached XP level 4. HP: 30/30 MP: 3/9
  1602 | D:2      | HP: 7/30 [gnoll/+2 whip of electrocution (7)]
  1606 | D:2      | HP: 1/30 [gnoll/+2 whip of electrocution (7)]
  1606 | D:2      | Demolished by a gnoll

Vanquished Creatures
  A gnoll (D:2)
  A worm (D:2)
  A dart slug (D:1)
  4 ball pythons (D:1)
  7 endoplasms
  2 giant cockroaches (D:1)
  2 goblins (D:1)
  3 hobgoblins (D:1)
  3 jackals (D:1)
  2 kobolds (D:1)
  3 quokkas
  10 bats
  A frilled lizard (D:1)
  7 rats
47 creatures vanquished.

Vanquished Creatures (collateral kills)
  A giant cockroach (D:1)
  A hobgoblin (D:1)
  A goblin (D:2)
  2 rats
5 creatures vanquished.

Grand Total: 52 creatures vanquished

Table legend:
 A = Non-vault XP
 B = Vault XP
 C = Vault XP percentage of total XP
 D = Non-vault monster count
 E = Vault monster count
 F = Vault count percentage of total count
                 A         B        C        D         E       F
            +---------+---------+-------+---------+---------+-------
      Total |      98 |       4 |   3.9 |      49 |       3 |   5.8
            +---------+---------+-------+---------+---------+-------
        D:1 |      56 |       4 |   6.7 |      33 |       3 |   8.3
        D:2 |      42 |       0 |   0.0 |      16 |       0 |   0.0
            +---------+---------+-------+---------+---------+-------

Skill      XL: |  1  2 |
---------------+-------+-----
Dodging        | 2 |  2.7
Spellcasting   | 3 |  3.5
Stealth        | |  1.5
Necromancy     | |  4.4

Action                     |  1- 3 |  4- 6 || total
---------------------------+-------+-------++-------
  Melee: Unarmed           |    51 |       ||    51
   Cast: Necrotise         |    80 |     2 ||    82
    Use: Scroll            |     3 |     1 ||     4
 Armour: Robe              |    23 |       ||    23
  Dodge: Dodged            |   105 |     5 ||   110

Illustrated notes

Table legend:
 A = Kills in this place as a percentage of kills in the entire game.
 B = Kills by you in this place as a percentage of kills by you in the entire game.
 C = Kills by friends in this place as a percentage of kills by friends in the entire game.
 D = Other kills in this place as a percentage of other kills in the entire game.
 E = Experience gained in this place as a percentage of experience gained in the entire game.
 F = Experience gained in this place divided by the number of levels of this place that you have seen.
                   A       B       C       D       E      F
               +-------+-------+-------+-------+-------+----------------------
         Total | 100.0 | 100.0 | 100.0 |   N/A | 100.0 |  51.0
       Dungeon | 100.0 | 100.0 | 100.0 |   N/A | 100.0 |  51.0
               +-------+-------+-------+-------+-------+----------------------

Table legend: (Time is in decaauts)
 A = Elapsed time spent in this place.
 B = Non-inter-level travel time spent in this place.
 C = Inter-level travel time spent in this place.
 D = Time resting spent in this place.
 E = Time spent auto-exploring this place.
 F = Levels seen in this place.
 G = Mean time per level.
                   A        B        C        D        E       F      G
               +--------+--------+--------+--------+--------+-----+--------+
         Total |   1607 |   1594 |     13 |     55 |   1189 |   2 |  803.5 |
       Dungeon |   1607 |   1594 |     13 |     55 |   1189 |   2 |  803.5 |
               +--------+--------+--------+--------+--------+-----+--------+

Top non-repeatable levels by time:
     D:1: 937 daAuts
     D:2: 669 daAuts
